 Dungeon Crawl Stone Soup version 0.31-a0-574-g69dc8cc98e (webtiles) character file.

Game seed: 5169317008911247462

343 kae the Changeling (level 6, -5/47 HPs)
             Began as a Draconian Shapeshifter on Aug 18, 2023.
             Splashed by a jelly's acid (9 damage)
             ... on level 4 of the Dungeon.
             The game lasted 00:02:33 (2742 turns).

kae the Changeling (Draconian Shapeshifter)         Turns: 2742, Time: 00:02:34

Health: -5/47      AC: -2    Str: 17    XL:     6   Next: 31%
Magic:  6/6        EV: 12    Int:  8    God:
Gold:   134        SH:  0    Dex: 14    Spells: 5/5 levels left

rFire   . .          .
                       - Unarmed
rCold   . . .        (no shield)
rNeg    + . .        (body armour unavailable)
rPois   .            (helmet currently unavailable)
rElec   .            (cloak currently unavailable)
rCorr   .            (gloves currently unavailable)
SInv    .            (boots currently unavailable)
Will    +....        (no amulet)
Stlth   +            n - ring of willpower
HPRegen 0.27/turn    N - ring of positive energy
MPRegen 0.10/turn

%: no passive effects
@: beast-form, corroded
A: beast (slay +3), AC +6, unfitting armour, cold-blooded
a: Begin Untransformation


You were on level 4 of the Dungeon.
You were a hulking beast.
You visited 1 branch of the dungeon, and saw 4 of its levels.

You collected 204 gold pieces.
You spent 70 gold pieces at shops.


Innate Abilities, Weirdness & Mutations

You are a hulking beast.
Your limbs bulge with bestial killing power. (Slay +3)
Your plain brown scales are hard. (AC +6)
You cannot fit into any form of body armour.
You are cold-blooded and may be slowed by cold attacks.


   Skills:
 - Level 1.1 Fighting
 - Level 1.7 Dodging
 + Level 4.8 Unarmed Combat
 * Level 5.3 Shapeshifting


You had 5 spell levels left.
You didn't know any spells.
Your spell library contained the following spells:

 Spells                   Type           Power      Damage    Failure   Level
 Slow                     Hex            0%         N/A       41%         1
 Confusing Touch          Hex            0%         N/A       78%         3
 Vampiric Draining        Necr           0%         2d6       78%         3

Inventory:

Missiles
 f - 5 poisoned darts
 h - 36 stones
 m - a boomerang
Armour
 d - a +2 pair of gloves
   (You found it on level 1 of the Dungeon)
Jewellery
 n - a ring of willpower (left hand)
   (You found it on level 2 of the Dungeon)
 N - a ring of positive energy (right hand)
   (You found it on level 3 of the Dungeon)
Talismans
 b - a beast talisman (active)
 c - a flux talisman
Scrolls
 j - 2 scrolls of enchant weapon
 r - a scroll of revelation {unknown}
Potions
 a - 2 potions of lignification {!q}
 e - a potion of might {unknown}
 g - a potion of degeneration {unknown}
 i - a potion of magic {unknown}
 k - 2 potions of curing {@q1}
 l - a potion of haste {unknown}
 o - a potion of berserk rage {unknown}
 p - a potion of brilliance {unknown}
 q - 2 potions of heal wounds {@q2}
 s - a potion of attraction {unknown}

Dungeon Overview and Level Annotations

Branches:
Dungeon (4/15) Zot: 21270
 Temple: D:4-7

Altars:

Shops:
D:1 **[!: D:4

!: . . ### .#.
......... ... #.#
#........ ..# #.#
#........ ..### #.#
#......#. ....## #.#
###..[..... .....###.#
###.8.<.∩.8.#
.......#.###...<.J...#
#....#....##.#..h#
###.......##...####
#.##............#
###..##......####...#
...#.........# ###.#
...###...##.## .#
........###.# .
...###...##.# .#
...##..#..... .


You could see a jelly.


Message History

😎 HP[+9]
Your hp is fully restored (40).
An ogre is nearby!
Unknown command.
An ogre is nearby!
You punch the ogre! You tail-slap the ogre. The ogre closely misses you.
You punch the ogre! You barely miss the ogre. The ogre closely misses you.
You closely miss the ogre. You tail-slap the ogre.
You kill the ogre!
Your Shapeshifting skill increases to level 5!
You have reached level 6!
Your scales feel tougher. 😎 HP[+7] MP[+1]
You now have 47 max hp (+7).
Your hp is fully restored (47).
Your mp is fully restored (6).
Things that are here:
a +0 giant club; an ogre corpse You now have enough gold to buy a pair of glowing boots on D:1.
You can access your shopping list by pressing '$'.
You now have 134 gold pieces (gained 15).
h - 36 stones (gained 8)
A phantom comes into view.
A phantom is nearby!
A phantom is nearby!
You hit the phantom. You tail-slap the phantom. The phantom closely misses you.
You hit the phantom. The phantom hits you.
The phantom blinks!
You blink. 😕 HP[-6]
You take 6 damage, and now have 41/47 hp.
A phantom is nearby!
You hit the phantom.
Your tail-slap misses the phantom.
You punch the phantom, but do no damage.
The phantom closely misses you.
You hit the phantom. 😕 HP[+1]
You hit the phantom.
Your tail-slap misses the phantom.
The phantom hits you.
The phantom blinks!
You blink.
You barely miss the phantom.
Your tail-slap misses the phantom.
The phantom barely misses you. 😕 HP[-3]
You take 3 damage, and now have 39/47 hp.
You closely miss the phantom. The phantom closely misses you.
You hit the phantom.
The phantom closely misses you. 😕 HP[+1]
You completely miss the phantom. The phantom barely misses you.
You closely miss the phantom.
Your tail-slap misses the phantom.
The phantom hits you. 😮 HP[-6]
You take 6 damage, and now have 34/47 hp.
A phantom is nearby!
You hit the phantom but do no damage. The phantom closely misses you.
You hit the phantom. The phantom hits you.
The phantom blinks!
You blink. 😮 HP[-2]
You take 2 damage, and now have 32/47 hp.
A phantom is nearby!
You are too injured to fight recklessly!
You are too injured to fight recklessly!
You are too injured to fight recklessly!
You are too injured to fight recklessly!
A phantom is nearby!
Unknown command.
You hit the phantom but do no damage. The phantom barely misses you.
Unknown command.
You closely miss the phantom. You tail-slap the phantom. You miss the phantom.
Your tail-slap misses the phantom.
The phantom hits you. 😮 HP[-5]
You take 5 damage, and now have 27/47 hp.
You closely miss the phantom. You tail-slap the phantom.
You destroy the phantom! 😮 HP[+1]
Found an escape hatch in the ceiling.
Found a stone staircase leading up. 😎 HP[+19]
Your hp is fully restored (47).
Found Cuzurchi's Book Shoppe.
Unknown command.
s - a grey potion A jelly comes into view.
The jelly barely misses you.
You hit the jelly. The acid corrodes you!
Your hands burn!
The jelly hits you. The acid corrodes you!
You are splashed with acid!
You hit the jelly.
Your hands burn!
The jelly hits you.
You are splashed with acid!
* * * LOW HITPOINT WARNING * * *
😨 HP[-26]
You take 26 damage, and now have 21/47 hp.
MASSIVE DAMAGE!! (PAUSE)
You barely miss the jelly. The jelly hits you.
* * * LOW HITPOINT WARNING * * *
You are splashed with acid!
* * * LOW HITPOINT WARNING * * *
😱 HP[-14]
You take 14 damage, and now have 7/47 hp.
MASSIVE DAMAGE!! (PAUSE)
You barely miss the jelly. The jelly hits you.
* * * LOW HITPOINT WARNING * * *
You are splashed with acid!
You die...

Skill      XL: |  1  2  3  4  5 |
---------------+----------------+-----
Shapeshifting  | 4 5 |  5.3
Unarmed Combat | 4 |  4.8
Fighting       | |  1.1
Dodging        | |  1.7

Action                     |  1- 3 |  4- 6 || total
---------------------------+-------+-------++-------
  Melee: Unarmed           |   103 |    95 ||   198
         Tailslap          |     9 |     9 ||    18
         Punch             |     3 |     3 ||     6
    Use: Scroll            |     3 |     3 ||     6
   Stab: Sleeping          |     1 |       ||     1
 Armour: Skin              |    23 |    16 ||    39
  Dodge: Dodged            |    67 |    58 ||   125

Levels and vault maps discovered:
D:1:      shiori_arrival_maze, layout_basic, serial_shops, shop,
          nicolae_shop_pleasant_corner_grove, nicolae_shop_gibbet_a_chance,
          nicolae_shop_just_a_little_nook, shop, minmay_hexomino_u4
D:2:      layout_rooms, dreamdust_ecumenical_altar_sealed_demon,
          nicolae_elevator_lobby_plus
D:3:      layout_basic, dreamdust_princess_bridge
D:4:      layout_rooms, serial_shops, nicolae_shop_peninsula,
          nicolae_take_the_stairs, nicolae_shop_crystal, shop_statue,
          st_stairs_7, grunt_decor_arrowhead, uniq_natasha

Notes
Turn   | Place    | Note
-------+----------+-------------------------------------------
     0 | D:1      | kae the Draconian Shapeshifter began the quest for the Orb.
     0 | D:1      | Reached XP level 1. HP: 16/16 MP: 1/1
     0 | D:1      | magus.rc [v1.11.3]
   109 | D:1      | Reached XP level 2. HP: 23/23 MP: 2/2
   162 | D:1      | Found Guis's Assorted Antiques.
   234 | D:1      | Found Suotost's Distillery.
   292 | D:1      | Found Fitaempi's Book Boutique.
   532 | D:1      | Found Vahioll Liod's Antique Armour Boutique.
   553 | D:1      | Found Athridwoi's General Store.
   561 | D:1      | Reached XP level 3. HP: 28/28 MP: 3/3
  1395 | D:2      | Reached skill level 4 in Shapeshifting
  1400 | D:2      | Reached XP level 4. HP: 35/35 MP: 4/4
  1626 | D:2      | Found a faded altar of an unknown god.
  1626 | D:2      | Noticed a ynoxinul
  2169 | D:3      | Reached skill level 4 in Unarmed Combat
  2175 | D:3      | HP: 8/35 [orc/+0 trident (2)]
  2373 | D:3      | Reached XP level 5. HP: 37/40 MP: 5/5
  2394 | D:3      | You pick up a book of Debilitation and begin reading...
  2394 | D:3      | You add the spells Slow, Vampiric Draining and Confusing
                  | Touch to your library.
  2494 | D:4      | Found Siqeq's Distillery.
  2501 | D:4      | Bought a potion of heal wounds for 70 gold pieces
  2577 | D:4      | Noticed an ogre
  2584 | D:4      | Killed an ogre
  2585 | D:4      | Reached skill level 5 in Shapeshifting
  2585 | D:4      | Reached XP level 6. HP: 47/47 MP: 6/6
  2725 | D:4      | Found Cuzurchi's Book Shoppe.
  2741 | D:4      | HP: 7/47 [acid (11)]
  2742 | D:4      | Splashed by a jelly's acid

Vanquished Creatures
  An ogre (D:4)
  A phantom (D:4)
  A jelly (D:4)
  2 orc wizards (D:3)
  2 worms (D:2)
  2 dart slugs (D:1)
  9 orcs (D:3)
  8 bats
  4 endoplasms
  5 giant cockroaches
  4 hobgoblins (D:1)
  6 jackals
  6 quokkas
  7 ball pythons
  2 frilled lizards
  11 goblins
  7 kobolds
  A rat (D:2)
79 creatures vanquished.

Table legend:
 A = Non-vault XP
 B = Vault XP
 C = Vault XP percentage of total XP
 D = Non-vault monster count
 E = Vault monster count
 F = Vault count percentage of total count
                 A         B        C        D         E       F
            +---------+---------+-------+---------+---------+-------
      Total |     483 |       8 |   1.6 |      74 |       5 |   6.3
            +---------+---------+-------+---------+---------+-------
        D:1 |      62 |       8 |  11.4 |      32 |       5 |  13.5
        D:2 |      39 |       0 |   0.0 |      19 |       0 |   0.0
        D:3 |     113 |       0 |   0.0 |      20 |       0 |   0.0
        D:4 |     269 |       0 |   0.0 |       3 |       0 |   0.0
            +---------+---------+-------+---------+---------+-------

Skill      XL: |  1  2  3  4  5 |
---------------+----------------+-----
Shapeshifting  | 4 5 |  5.3
Unarmed Combat | 4 |  4.8
Fighting       | |  1.1
Dodging        | |  1.7

Action                     |  1- 3 |  4- 6 || total
---------------------------+-------+-------++-------
  Melee: Unarmed           |   103 |    95 ||   198
         Tailslap          |     9 |     9 ||    18
         Punch             |     3 |     3 ||     6
    Use: Scroll            |     3 |     3 ||     6
   Stab: Sleeping          |     1 |       ||     1
 Armour: Skin              |    23 |    16 ||    39
  Dodge: Dodged            |    67 |    58 ||   125

Illustrated notes

Table legend:
 A = Kills in this place as a percentage of kills in the entire game.
 B = Kills by you in this place as a percentage of kills by you in the entire game.
 C = Kills by friends in this place as a percentage of kills by friends in the entire game.
 D = Other kills in this place as a percentage of other kills in the entire game.
 E = Experience gained in this place as a percentage of experience gained in the entire game.
 F = Experience gained in this place divided by the number of levels of this place that you have seen.
                   A       B       C       D       E      F
               +-------+-------+-------+-------+-------+----------------------
         Total | 100.0 | 100.0 |   N/A |   N/A | 100.0 | 122.8
       Dungeon | 100.0 | 100.0 |   N/A |   N/A | 100.0 | 122.8
               +-------+-------+-------+-------+-------+----------------------

Table legend: (Time is in decaauts)
 A = Elapsed time spent in this place.
 B = Non-inter-level travel time spent in this place.
 C = Inter-level travel time spent in this place.
 D = Time resting spent in this place.
 E = Time spent auto-exploring this place.
 F = Levels seen in this place.
 G = Mean time per level.
                   A        B        C        D        E       F      G
               +--------+--------+--------+--------+--------+-----+--------+
         Total |   2729 |   2591 |    138 |    100 |   2027 |   4 |  682.2 |
       Dungeon |   2729 |   2591 |    138 |    100 |   2027 |   4 |  682.2 |
               +--------+--------+--------+--------+--------+-----+--------+

Top non-repeatable levels by time:
     D:1: 1048 daAuts
     D:3: 771 daAuts
     D:2: 663 daAuts
     D:4: 245 daAuts
